 Dungeon Crawl Stone Soup version 0.29.1-15-g9cfb28693d (webtiles) character file.

Game seed: 16222580128677372031

2831 croobank the Destroyer (level 9, -1/99 HPs)
             Began as a Gnoll Conjurer on Mar 13, 2023.
             Was an Initiate of Gozag.
             Slain by a yak (9 damage)
             ... on level 8 of the Dungeon.
             The game lasted 00:25:59 (9669 turns).

croobank the Destroyer (Gnoll Conjurer)             Turns: 9669, Time: 00:25:59

Health: -1/99      AC: 24    Str: 10    XL:     9   Next: 73%
Magic:  10/19      EV:  2    Int: 22    God:    Gozag
Gold:   377        SH:  0    Dex: 10    Spells: 13/21 levels left

rFire   + . .      SeeInvis +   C - +3 dagger
rCold   . . .      Faith    .   (no shield)
rNeg    . . .      Spirit   .   (body armour currently unavailable)
rPois   +          Reflect  +   (helmet currently unavailable)
rElec   +          Harm     .   (cloak currently unavailable)
rCorr   .          Rampage  .   (gloves currently unavailable)
Will    .....      NoTele   +   (boots currently unavailable)
Stlth   ++........              r - amulet of reflection
HPRegen 0.26/turn               E - ring of protection from fire
MPRegen 0.16/turn               j - ring of Ymoys {rElec Str+3 Slay+3 SInv}

@: confused, mighty, tree-form, ambrosia-drunk, wereblooded (expiring), gold
aura
A: stationary, stasis, torment immunity, boosted hp, (fangs 1), strong nose,
distributed training, (talons 1), (iridescent scales 1), thin skeletal structure
1, clumsy 1
a: Renounce Religion, Potion Petition, Call Merchant, Bribe Branch


You were on level 8 of the Dungeon.
You worshipped Gozag.
Gozag was aware of your devotion.
You were a tree.
You visited 2 branches of the dungeon, and saw 9 of its levels.

You collected 527 gold pieces.
You spent 30 gold pieces at shops.
You paid 120 gold pieces to Gozag.

Inventory:

Hand Weapons
 a - a +1 dagger of holy wrath
 b - a +0 sling
 e - a +1 rapier of draining
 f - a +0 spear
 x - a +3 quarterstaff of chaos
 C - a +3 dagger (weapon)
 D - a +2 short sword of electrocution
 K - a +1 whip of electrocution
 L - a +0 arbalest
 M - a +0 scimitar
Missiles
 n - 6 atropa-tipped darts
 v - 3 throwing nets
 w - 3 boomerangs of dispersal
 N - a curare-tipped dart
Armour
 g - a +0 ring mail
 l - a +0 helmet (melded)
 m - a +0 robe (melded)
 y - a +2 cloak (melded)
Magical Staves
 t - a staff of poison
 u - a staff of earth
Jewellery
 j - the ring of Ymoys (right branch) {rElec Str+3 Slay+3 SInv}
   (You found it on level 7 of the Dungeon)

   [ring of see invisible]

   Str:       It affects your strength (+3).
   Slay:      It affects your accuracy & damage with ranged weapons and melee
   (+3).
   rElec:     It insulates you from electricity.
   SInv:      It lets you see invisible.
 r - an amulet of reflection (around neck)
 E - a ring of protection from fire (left branch)
 J - a ring of protection from fire
 O - a ring of flight
 P - an amulet of magic regeneration
Wands
 F - a wand of flame (22)
Scrolls
 h - a scroll of identify
 k - 2 scrolls of enchant weapon {unknown}
 o - 2 scrolls of amnesia {unknown}
 p - a scroll of poison {unknown}
 I - a scroll of magic mapping {unknown}
 Q - a scroll of teleportation
 R - 2 scrolls of silence {unknown}
 S - a scroll of fear {unknown}
Potions
 c - 4 potions of brilliance
 d - a potion of mutation
 q - a potion of curing
 A - a potion of attraction
 B - a potion of degeneration
 G - a potion of resistance
 H - a potion of might


   Skills:
 + Level 4.7 Fighting
 + Level 4.7 Short Blades
 + Level 4.7 Long Blades
 + Level 4.7 Axes
 + Level 4.7 Maces & Flails
 + Level 4.7 Polearms
 + Level 4.7 Staves
 + Level 4.7 Ranged Weapons
 + Level 4.7 Throwing
 + Level 4.7 Armour
 + Level 6.6 Dodging
 + Level 6.3 Stealth
 + Level 4.7 Shields
 + Level 4.7 Unarmed Combat
 + Level 6.9 Spellcasting
 + Level 8.2 Conjurations
 + Level 3.9 Hexes
 + Level 3.9 Summonings
 + Level 3.9 Necromancy
 + Level 3.9 Translocations
 + Level 3.9 Transmutations
 + Level 3.9 Fire Magic
 + Level 3.9 Ice Magic
 + Level 3.9 Air Magic
 + Level 3.9 Earth Magic
 + Level 3.9 Poison Magic
 + Level 5.2 Invocations
 + Level 4.7 Evocations


You had 13 spell levels left.
You knew the following spells:

 Your Spells              Type           Power      Damage    Failure   Level
a - Magic Dart            Conj           100%       1d8       1%          1
b - Searing Ray           Conj           86%        2d7       1%          2
c - Dazzling Flash        Conj/Hex       68%        N/A       1%          3
d - Wereblood             Tmut           24%        N/A       2%          2

Your spell library contained the following spells:

 Spells                   Type           Power      Damage    Failure   Level
 Sting                    Tmut/Pois      96%        1d7       1%          1
 Stone Arrow              Conj/Erth      68%        3d11      1%          3
 Poisonous Vapours        Pois/Air       48%        N/A       2%          2
 Sublimation of Blood     Necr           24%        N/A       2%          2
 Portal Projectile        Hex/Tloc       48%        N/A       4%          3
 Tukima's Dance           Hex            24%        N/A       4%          3
 Fulminant Prism          Conj/Hex       17%        3d11      7%          4
 Iskenderun's Mystic Bla  Conj/Tloc      34%        2d8       7%          4
 Animate Armour           Summ/Erth      48%        N/A       17%         4
 Olgreb's Toxic Radiance  Pois           24%        N/A       17%         4
 Blade Hands              Tmut           12%        N/A       43%         5
 Summon Hydra             Summ           12%        N/A       100%        7
 Lehudib's Crystal Spear  Conj/Erth      17%        10d5      100%        8


Dungeon Overview and Level Annotations

Branches:
Dungeon (8/15)             Temple (1/1) D:7
   Lair: D:8-11

Altars:
Ashenzari
Dithmenos
Elyvilon
Fedhas
Gozag
Hepliaklqana
Kikubaaqudgha
Makhleb
Nemelex Xobeh
Okawaru
Qazlal
Ru
Sif Muna
Trog
Uskayaw
Vehumet
Wu Jian
Xom
Zin
The Shining One

Shops:
D:4 (   D:6 *

Annotations:
D:7 1 runed translucent door, Sanktem7's ghost, novice MiFi


Innate Abilities, Weirdness & Mutations

You are a tree.
Your roots penetrate the ground, keeping you stationary.
You cannot be teleported.
You are immune to unholy pain and torment.
Your maximum health is greatly increased.
Your equipment is partially melded.
((You have very sharp teeth.))
Your uncanny sense of smell can sniff out nearby items.
Your experience applies equally to all skills.
((You have sharp toenails.))
((You are partially covered in iridescent scales. (AC +2)))
You have a somewhat thin skeletal structure. (Dex +2, Stealth+)
You are clumsy. (Dex -2)


Message History

The orc hits you but does no damage.
You feel better. The yak gores you but does no damage.
The orc hits you but does no damage.
As you read the scroll of identify, it crumbles to dust.
A - a potion of attraction The orc priest is distracted by your dazzling golden aura.
The yak gores you but does no damage.
Okay, then.
Okay, then.
Okay, then.
Okay, then.
Okay, then.
As you read the scroll of identify, it crumbles to dust.
B - a potion of degeneration The orc priest shouts!
The orc priest is no longer distracted by gold.
The orc hits you but does no damage.
A yak comes into view.
The yak gores you but does no damage.
Okay, then.
As you read the scroll of identify, it crumbles to dust.
G - a potion of resistance Your primal bloodlust is almost over.
The orc is no longer distracted by gold.
The orc hits you but does no damage.
The yak gores you but does no damage. x2
It was a potion of might.
You feel very mighty all of a sudden. The yak gores you but does no damage.
The yak gores you!
* * * LOW HITPOINT WARNING * * *
You block the orc's attack.
You are confused.
You feel invigorated.
You creak as the wereblood boils in your veins!
The yak gores you but does no damage. x2
You puncture the yak!
The yak is moderately wounded.
The orc is distracted by your dazzling golden aura.
The yak gores you!
You die...
Your body crumbles into a pile of gold.

#. #. #.##. #.# .
####.########..# .
#.[##........#..###. .
..##.........# ...' ..
.##..........# #..# ...
..##.........# #oK# ....
...##........#
#YY##########.....
##..##.(.....###♣Yoo....$$$$$..#
.....##..........#############.#
#####+##.........#
#.##.............# ∆ .
#.......<......#
###............#
............#### ###########.# $
#.#


You could see 3 yaks, an orc priest, 2 orcs and a kobold.

Vanquished Creatures
  A yak (D:8)
  2 water moccasins
  An orc warrior (D:6)
  An ice beast (D:7)
  3 sky beasts (D:7)
  A black bear (D:6)
  2 ogres
  3 centaurs
  2 kobold brigands
  4 bullfrogs
  9 scorpions
  Crazy Yiuf (D:4)
  A gnoll bouda (D:5)
  2 hounds (D:6)
  3 orc priests
  3 iguanas
  12 gnolls
  5 adders
  A shadow imp (D:7)
  An ufetubus (D:5)
  A worm (D:2)
  5 dart slugs
  16 orcs
  3 bats
  9 endoplasms
  3 giant cockroaches
  15 goblins
  14 hobgoblins
  2 jackals (D:2)
  5 quokkas
  3 training dummies (D:4)
  4 ball pythons
  2 frilled lizards (D:3)
  24 kobolds
  3 rats
167 creatures vanquished.

Vanquished Creatures (others)
  A kobold (D:7)
  A plant (D:5)
2 creatures vanquished.

Grand Total: 169 creatures vanquished

Notes
Turn   | Place    | Note
-------+----------+-------------------------------------------
     0 | D:1      | croobank the Gnoll Conjurer began the quest for the Orb.
     0 | D:1      | Reached XP level 1. HP: 13/13 MP: 6/6
   229 | D:1      | Reached XP level 2. HP: 14/19 MP: 4/7
   263 | D:1      | Learned a level 2 spell: Searing Ray
   412 | D:1      | Found a faded altar of an unknown god.
   667 | D:1      | Reached skill level 5 in Spellcasting
   667 | D:1      | Reached XP level 3. HP: 12/25 MP: 1/9
   955 | D:1      | Reached skill level 1 in Invocations
  1126 | D:1      | Learned a level 3 spell: Dazzling Flash
  1288 | D:2      | Reached skill level 1 in Fighting
  1288 | D:2      | Reached skill level 1 in Short Blades
  1288 | D:2      | Reached skill level 1 in Long Blades
  1288 | D:2      | Reached skill level 1 in Axes
  1288 | D:2      | Reached skill level 1 in Maces & Flails
  1288 | D:2      | Reached skill level 1 in Polearms
  1288 | D:2      | Reached skill level 1 in Staves
  1288 | D:2      | Reached skill level 1 in Ranged Weapons
  1288 | D:2      | Reached skill level 1 in Throwing
  1288 | D:2      | Reached skill level 1 in Armour
  1288 | D:2      | Reached skill level 1 in Shields
  1288 | D:2      | Reached skill level 1 in Unarmed Combat
  1288 | D:2      | Reached skill level 1 in Evocations
  1779 | D:3      | Reached XP level 4. HP: 32/32 MP: 8/11
  2148 | D:2      | Reached skill level 1 in Hexes
  2148 | D:2      | Reached skill level 1 in Summonings
  2148 | D:2      | Reached skill level 1 in Necromancy
  2148 | D:2      | Reached skill level 1 in Translocations
  2148 | D:2      | Reached skill level 1 in Transmutations
  2148 | D:2      | Reached skill level 1 in Fire Magic
  2148 | D:2      | Reached skill level 1 in Ice Magic
  2148 | D:2      | Reached skill level 1 in Air Magic
  2148 | D:2      | Reached skill level 1 in Earth Magic
  2148 | D:2      | Reached skill level 1 in Poison Magic
  2971 | D:3      | Found a shimmering blue altar of Sif Muna.
  2972 | D:3      | Found a hide-covered altar of Uskayaw.
  3263 | D:4      | Reached XP level 5. HP: 37/37 MP: 8/12
  4108 | D:4      | Found Genn's Firing Range.
  4112 | D:4      | Bought a throwing net for 30 gold pieces
  4272 | D:4      | Found a runed translucent door.
  4273 | D:4      | Noticed Crazy Yiuf
  4280 | D:4      | Killed Crazy Yiuf
  4355 | D:5      | Entered Level 5 of the Dungeon
  4505 | D:5      | Reached skill level 5 in Dodging
  4505 | D:5      | Reached XP level 6. HP: 44/44 MP: 7/14
  4647 | D:5      | Gained mutation: You are partially covered in iridescent
                  | scales. (AC +2) [potion of mutation]
  4647 | D:5      | Gained mutation: You are clumsy. (Dex -2) [potion of
                  | mutation]
  4647 | D:5      | Gained mutation: You have a somewhat thin skeletal
                  | structure. (Dex +2, Stealth+) [potion of mutation]
  4647 | D:5      | Gained mutation: You have sharp toenails. [potion of
                  | mutation]
  5355 | D:5      | Reached XP level 7. HP: 50/50 MP: 4/15
  5968 | D:5      | Reached skill level 5 in Stealth
  5975 | D:5      | Learned a level 2 spell: Wereblood
  6613 | D:6      | Reached XP level 8. HP: 58/58 MP: 14/16
  6765 | D:6      | Found an iron altar of Okawaru.
  6765 | D:6      | Found a glowing golden altar of the Shining One.
  6838 | D:6      | Found Vanaeq's General Store.
  7642 | D:7      | Found a runed translucent door.
  7642 | D:7      | Noticed Sanktem7's ghost (novice MiFi)
  7703 | D:7      | Found a staircase to the Ecumenical Temple.
  7706 | D:7      | Reached XP level 9. HP: 65/65 MP: 18/18
  7861 | Temple   | Entered the Ecumenical Temple
  7966 | Temple   | Became a worshipper of Gozag Ym Sagoz the Greedy
  8031 | D:7      | Reached skill level 8 in Conjurations
  8656 | D:7      | HP: 2/66 [poisoned by a scorpion]
  8987 | D:7      | Identified the ring of Ymoys {rElec Str+3 Slay+3 SInv}
  9003 | D:7      | Reached skill level 5 in Invocations
  9590 | D:8      | Found the +4 skin of Zhor {*Englaciate rC+++ SInv}
  9592 | D:8      | Noticed a rime drake
  9662 | D:8      | HP: 3/99 [yak (12)]
  9667 | D:8      | HP: 3/99 [yak (7)]
  9669 | D:8      | Slain by a yak

Illustrated notes

Levels and vault maps discovered:
D:1:      amcnicky_arrival_blooded_trapdoor, layout_rooms,
          hellmonk_ecumenical_altar_pennies_from_heaven, minmay_tripent
D:2:      layout_basic
D:3:      layout_loops_ring, nicolae_overflow_hidden_temple
D:4:      layout_basic, nicolae_shop_firing_range, uniq_crazy_yiuf_cottage
D:5:      corexii_shack_village, layout_basic
D:6:      layout_cave_pools, nicolae_overflow_two_pavilions, serial_shops, shop
D:7:      layout_loops_cross, minmay_temple_entry_large_hall,
          hellmonk_ghost_happy_afterlife, nicolae_benzene_ring,
          minmay_checkerbox
D:8:      layout_basic, hellmonk_guarded_unrand_zhor
Temple:   regret_index_temple_sphere_string

Skill      XL: |  1  2  3  4  5  6  7  8  9 |
---------------+----------------------------+-----
Spellcasting   | 5 6 |  6.9
Invocations    | 1 2 3 4 5 |  5.2
Fighting       | 1 2 3 4 |  4.7
Short Blades   | 1 2 3 4 |  4.7
Long Blades    | 1 2 3 4 |  4.7
Axes           | 1 2 3 4 |  4.7
Maces & Flails | 1 2 3 4 |  4.7
Polearms       | 1 2 3 4 |  4.7
Staves         | 1 2 3 4 |  4.7
Ranged Weapons | 1 2 3 4 |  4.7
Throwing       | 1 2 3 4 |  4.7
Armour         | 1 2 3 4 |  4.7
Shields        | 1 2 3 4 |  4.7
Unarmed Combat | 1 2 3 4 |  4.7
Evocations     | 1 2 3 4 |  4.7
Hexes          | 1 2 3 |  3.9
Summonings     | 1 2 3 |  3.9
Necromancy     | 1 2 3 |  3.9
Translocations | 1 2 3 |  3.9
Transmutations | 1 2 3 |  3.9
Fire Magic     | 1 2 3 |  3.9
Ice Magic      | 1 2 3 |  3.9
Air Magic      | 1 2 3 |  3.9
Earth Magic    | 1 2 3 |  3.9
Poison Magic   | 1 2 3 |  3.9
Dodging        | 5 6 |  6.6
Stealth        | 5 6 |  6.3
Conjurations   | 8 |  8.2

Action                   |  1- 3 |  4- 6 |  7- 9 || total
-------------------------+-------+-------+-------++-------
Melee: Spear             |    12 |       |       ||    12
       Bite              |     2 |     4 |    14 ||    20
       Dagger            |     4 |    20 |   165 ||   189
       Punch             |       |     1 |     3 ||     4
       Kick              |       |     3 |    47 ||    50
 Cast: Magic Dart        |    25 |    37 |    25 ||    87
       Searing Ray       |    25 |    42 |    34 ||   101
       Dazzling Flash    |     1 |       |    12 ||    13
       Wereblood         |       |       |    20 ||    20
  Use: Potion            |     1 |     2 |    10 ||    13
       Scroll            |       |     2 |     5 ||     7
 Stab: Sleeping          |       |       |     6 ||     6
       Invisible         |       |       |     5 ||     5
Armor: Robe              |     3 |     6 |    75 ||    84
       Skin              |       |       |    12 ||    12
Dodge: Dodged            |     9 |    27 |   140 ||   176
Block: Other             |       |    11 |    61 ||    72
       Reflection        |       |       |     3 ||     3
